cohdb
Replays
Latest Replays
All Replays
Popular Replays
Top Player Replays
Match Explorer
How It Works
Community
CoH3 Stats
Reddit
Sign in to upload your games and track your stats! →
Sign in with Steam
Match 43212316
Unlisted
Match 43212316
Overview
Messages
Build Orders
End
Construct Infanterie Kompanie
Selects Terror Battlegroup
Selects Machine Gun Camouflage
MG 42 Machine Gun Team
MG 42 Machine Gun Team
GrW 34 Mortar Team
Grenadier Squad
Construct Panzergrenadier Kompanie
Panzergrenadier Squad
Support Elements
Infanterie Officer Quarters
Nebelwerfer 42 Rocket Launcher Team
StuG III G Assault Gun
Side Skirts
Panzergrenadier Officer Quarters
Pioneer Squad
Grenadier Squad
Leonardo180
ManFrau
HeadTACO
Dr.eiser
Crazy Dog
EMSO
0
0
Comments
sign in to comment!
No comments posted yet!